 Dungeon Crawl Stone Soup version 0.29.0-4-gdea44cf6ec (webtiles) character file.

Game seed: 7953643479139773580

68 qw the Chopper (level 4, -11/26 HPs)
             Began as a Tengu Warper on Aug 28, 2022.
             Killed from afar by Terence (14 damage)
             ... with a bolt of light
             ... on level 2 of the Dungeon.
             The game lasted 00:00:10 (1841 turns).

qw the Chopper (Tengu Warper)                       Turns: 1841, Time: 00:00:10

Health: -11/26     AC:  5    Str: 13    XL:     4   Next: 19%
Magic:  8/8        EV: 11    Int: 14    God:
Gold:   115        SH:  0    Dex: 13    Spells: 7/7 levels left

rFire   . . .      SeeInvis .   Y - +0 hand axe
rCold   . . .      Faith    .   (no shield)
rNeg    . . .      Spirit   .   h - +0 ring mail
rPois   .          Reflect  .   (helmet restricted)
rElec   .          Harm     .   (no cloak)
rCorr   .          Rampage  .   (no gloves)
Will    .....                   (boots unavailable)
Stlth   +.........              (no amulet)
HPRegen 0.08/turn               (no ring)
MPRegen 0.11/turn               (no ring)

@: about to teleport
A: beak, talons 3
a: no special abilities


You were on level 2 of the Dungeon.
You visited 1 branch of the dungeon, and saw 2 of its levels.

You collected 115 gold pieces.


Innate Abilities, Weirdness & Mutations

You have a beak for a mouth.
You have claws for feet.


   Skills:
 - Level 2.0 Fighting
 + Level 4.8 Axes
 - Level 1.0 Throwing
 - Level 1.1 Armour
 - Level 2.1 Dodging
 - Level 2.0 Spellcasting
 - Level 2.4 Translocations


You had 7 spell levels left.
You didn't know any spells.
Your spell library contained the following spells:

 Spells                   Type           Power      Damage    Failure   Level
 Blink                    Tloc           16%        N/A       28%         2
 Gell's Gravitas          Tloc           8%         N/A       50%         3
 Lesser Beckoning         Tloc           8%         N/A       50%         3
 Teleport Other           Tloc           8%         N/A       50%         3
 Manifold Assault         Tloc           8%         N/A       99%         5

Inventory:

Hand Weapons
 i - a +1 vampiric whip
 Y - a +0 hand axe (weapon)
Missiles
 g - 11 boomerangs (quivered)
Armour
 h - a +0 ring mail (worn)
Scrolls
 b - a scroll of fear {unknown}
 c - a scroll of poison {unknown}
 j - a scroll of vulnerability {unknown}
 k - a scroll of identify
Potions
 a - a potion of curing {unknown}
 d - a potion of heal wounds {unknown}
 f - a potion of degeneration {unknown}

Dungeon Overview and Level Annotations

Branches:
Dungeon (2/15)

Altars:

Shops:
D:1 !

Annotations:
D:2 Terence


Message History

Throw: 11 boomerangs
Press: ? - help, Q - select action Shift-Dir - straight line, f - rat You throw a boomerang.
The boomerang barely misses the rat.
Throw: 11 boomerangs
Press: ? - help, Q - select action Shift-Dir - straight line, f/p - rat You throw a boomerang.
The boomerang closely misses the rat.
You hit the rat.
You kill the rat!
You see here a rat corpse.
k - a scroll of identify You now have 115 gold pieces (gained 13).
Terence the Incautious comes into view.
He is wielding a +0 short sword and carrying a wand of light (7).
Terence shouts!
Enter note:
Found a scroll labelled OGIRHA BIZANGA.
Terence barely misses you.
You closely miss Terence. Terence closely misses you.
You hit Terence but do no damage.
Terence zaps a wand.
The bolt of light hits you!
You hit Terence. You claw Terence, but do no damage.
You peck Terence, but do no damage.
Terence is lightly wounded.
Terence hits you but does no damage.
You hit Terence.
Terence is moderately wounded.
Terence closely misses you.
You hit Terence but do no damage. You peck Terence, but do no damage.
You punch Terence.
Terence is moderately wounded.
Terence hits you with a +0 short sword.
You hit Terence. You claw Terence.
Terence is almost dead.
Terence zaps a wand.
The bolt of light hits you!
1841 ||| READING scroll of teleportation.
As you read the scroll of teleportation, it crumbles to dust.
You feel strangely unstable.
Terence zaps a wand.
The bolt of light hits you!
Ouch! That really hurt!
You die...

.# #.# #.####.##
##.# .# #.#
#......# #.# .#
#.# ######.##
##.# .# #.###.##
##.###.## .#
#....#.# ##...##
.# #####.##
##.## #.# #.#
#.# #.# #.# #@#
#.# #@# #.# #.#
#.## #.# #..#
#.# ##.# #.#
##.## #?#
.#####...#####<#
.......#.......#


You could see Terence.

Vanquished Creatures
  3 adders (D:2)
  2 dart slugs (D:2)
  4 bats
  4 endoplasms (D:1)
  A giant cockroach (D:1)
  9 goblins
  2 hobgoblins
  3 kobolds (D:1)
  A quokka (D:1)
  3 ball pythons (D:1)
  A frilled lizard (D:1)
  A rat (D:2)
34 creatures vanquished.

Vanquished Creatures (others)
  2 demonic plants (D:1)
2 creatures vanquished.

Grand Total: 36 creatures vanquished

Notes
Turn   | Place    | Note
-------+----------+-------------------------------------------
     0 | D:1      | qw the Tengu Warper began the quest for the Orb.
     0 | D:1      | Reached XP level 1. HP: 12/12 MP: 4/4
     0 | D:1      | 0 ||| qw: Version: 0.1-a-89-g26bdef1
     0 | D:1      | 0 ||| qw: Game counter: 2558
     0 | D:1      | 0 ||| qw: Always use a shield: true
     0 | D:1      | 0 ||| qw: God list: Okawaru
     0 | D:1      | 0 ||| qw: Allow faded altars: false
     0 | D:1      | 0 ||| qw: Do Orc after D:15 true
     0 | D:1      | 0 ||| qw: Do second Lair branch before Depths: true
     0 | D:1      | 0 ||| qw: Lair rune preference: random
     0 | D:1      | 0 ||| qw: Plans: Normal
     0 | D:1      | 0 ||| PLANNING D:1-11
   116 | D:1      | Reached XP level 2. HP: 17/17 MP: 6/6
   142 | D:1      | Reached skill level 3 in Axes
   217 | D:1      | Found Pestroa's Distillery.
   222 | D:1      | 222 ||| SHOPLISTING potion of heal wounds (70 gold, have
                  | 44).
   282 | D:1      | 282 ||| Stepping ~*~*~tactically~*~*~ (stealth).
   284 | D:1      | 284 ||| Stepping ~*~*~tactically~*~*~ (stealth).
   285 | D:1      | 285 ||| Stepping ~*~*~tactically~*~*~ (stealth).
   286 | D:1      | 286 ||| Stepping ~*~*~tactically~*~*~ (stealth).
   300 | D:1      | 300 ||| Stepping ~*~*~tactically~*~*~ (stealth).
   303 | D:1      | 303 ||| Stepping ~*~*~tactically~*~*~ (stealth).
   304 | D:1      | 304 ||| Stepping ~*~*~tactically~*~*~ (stealth).
   306 | D:1      | 306 ||| Stepping ~*~*~tactically~*~*~ (stealth).
   314 | D:1      | 314 ||| Stepping ~*~*~tactically~*~*~ (stealth).
   315 | D:1      | 315 ||| Stepping ~*~*~tactically~*~*~ (stealth).
   345 | D:1      | 345 ||| Stepping ~*~*~tactically~*~*~ (stealth).
   346 | D:1      | 346 ||| Stepping ~*~*~tactically~*~*~ (stealth).
   421 | D:1      | 421 ||| Stepping ~*~*~tactically~*~*~ (stealth).
   613 | D:1      | 613 ||| DROPPING +0 club.
   632 | D:1      | Reached XP level 3. HP: 9/21 MP: 7/7
   636 | D:1      | HP: 5/21 [frozen (2)]
  1029 | D:1      | Reached skill level 4 in Axes
  1102 | D:1      | Found a faded altar of an unknown god.
  1102 | D:1      | Noticed a rust devil
  1292 | D:1      | 1292 ||| UPGRADING to +0 ring mail.
  1302 | D:1      | 1302 ||| DROPPING +0 leather armour.
  1303 | D:1      | 1303 ||| READING scroll labelled ESHRUU UTRUB.
  1308 | D:1      | 1308 ||| READING scroll labelled YTUCRI RIFF.
  1309 | D:1      | 1309 ||| DROPPING scroll of blinking.
  1513 | D:2      | 1513 ||| Stepping ~*~*~tactically~*~*~ (hiding).
  1514 | D:2      | 1514 ||| Stepping ~*~*~tactically~*~*~ (hiding).
  1656 | D:2      | 1656 ||| FLEEEEING.
  1724 | D:2      | Reached XP level 4. HP: 23/26 MP: 8/8
  1831 | D:2      | Noticed Terence
  1840 | D:2      | HP: 3/26 [Terence/bolt of light (8)]
  1841 | D:2      | 1841 ||| READING scroll of teleportation.
  1841 | D:2      | Killed from afar by Terence

Levels and vault maps discovered:
D:1:      lemuel_arrival_cross, layout_basic, serial_shops,
          nicolae_shop_hallway_stairs, dreamdust_ecumenical_altar_sealed_demon
D:2:      layout_loops_ring, uniq_terence

Skill      XL: |  1  2  3 |
---------------+----------+-----
Axes           | 3 4 |  4.8
Fighting       | |  2.0
Throwing       | |  1.0
Armour         | |  1.1
Dodging        | |  2.1
Spellcasting   | |  2.0
Translocations | |  2.4

Action                   |  1- 3 |  4- 6 || total
-------------------------+-------+-------++-------
Melee: Hand axe          |    80 |     8 ||    88
       Kick              |    12 |     2 ||    14
       Peck              |     8 |     2 ||    10
       Punch             |       |     1 ||     1
Throw: Boomerang         |    16 |     2 ||    18
  Use: Scroll            |     2 |     1 ||     3
Armor: Leather armour    |    19 |       ||    19
       Ring mail         |    13 |     1 ||    14
Dodge: Dodged            |    56 |     3 ||    59

Table legend:
 A = Non-vault XP
 B = Vault XP
 C = Vault XP percentage of total XP
 D = Non-vault monster count
 E = Vault monster count
 F = Vault count percentage of total count
                 A         B        C        D         E       F
            +---------+---------+-------+---------+---------+-------
      Total |      98 |       0 |   0.0 |      34 |       0 |   0.0
            +---------+---------+-------+---------+---------+-------
        D:1 |      45 |       0 |   0.0 |      25 |       0 |   0.0
        D:2 |      53 |       0 |   0.0 |       9 |       0 |   0.0
            +---------+---------+-------+---------+---------+-------
